 Dungeon Crawl Stone Soup version 0.16.1-4-g8e1b745 (console) character file.

37 gw the Charlatan (level 3, -3/20 HPs)
             Began as a Deep Elf Artificer on Mar 27, 2015.
             Slain by Blork the orc
             ... wielding a +0 mace
              (8 damage)
             ... on level 7 of the Dungeon.
             The game lasted 00:01:19 (1530 turns).

gw the Charlatan (Deep Elf Artificer)               Turns: 1530, Time: 00:01:19

Health: -3/20      AC:  5    Str:  8    XL:     3   Next: 21%
Magic:  7/7        EV: 11    Int: 16    God:    Xom [..*...]
Gold:   64         SH:  0    Dex: 16    Spells: 0 memorised, 2 levels left

rFire  . . .     SeeInvis .     a - +0 short sword
rCold  . . .     Clarity  .     h - +0 ring mail
rNeg   . . .     SustAb   .     (no shield)
rPois  .         Gourm    .     (no helmet)
rElec  .         Spirit   .     (no cloak)
rCorr  .         Warding  .     (no gloves)
rMut   .         Stasis   .     (no boots)
MR     .....                    (no amulet)
Stlth  +.........               (no ring)
                                (no ring)

@: not resistant to hostile enchantments, very unstealthy
A: no striking features
a: Renounce Religion


You were on level 7 of the Dungeon.
You worshipped Xom.
You were a toy of Xom.
You were hungry.

You visited 1 branch of the dungeon, and saw 7 of its levels.

You collected 64 gold pieces.

Inventory:

Hand weapons
 a - a +0 short sword (weapon)
Missiles
 j - 22 arrows
Armour
 h - a +0 ring mail (worn)
Magical devices
 b - a wand of flame (10)
 c - a wand of enslavement (11)
 d - a wand of random effects (10)
 i - a wand of polymorph (11)
Scrolls
 g - a scroll of enchant weapon {unknown}
Potions
 e - a potion of degeneration {unknown}
 k - a potion of heal wounds {unknown}
Comestibles
 f - 2 bread rations


   Skills:
 + Level 1.3 Fighting
 * Level 2.2 Short Blades
 + Level 3.2 Dodging
 - Level 1.2 Stealth
 - Level 3.2 Evocations


You had 2 spell levels left.
You didn't know any spells.

Dungeon Overview and Level Annotations

Branches:
Dungeon (7/15)
 Temple: D:4-7

Altars:
Xom

Annotations:
D:7 Blork the orc


Message History

Unknown command.
Unknown command.
Unknown command.
Evoke which item? (* to show all) (? for menu, Esc to quit)
You don't have any such object.
Evoke which item? (* to show all) (? for menu, Esc to quit)
Zapping:
d - a wand of random effects (11)
Press: ? - help, Shift-Dir - straight line, f/p - Blork the orc
Aim: Blork the orc, wielding a mace and wearing a glowing robe (fast)
The bolt of fire hits Blork the orc.
Blork the orc is severely wounded.
This wand has 10 charges left.
Blork the orc gestures at you while chanting.
The puff of flame hits you!
ATTACK MOVE TO (1,-1)
You hit Blork the orc.
Blork the orc is severely wounded.
Blork the orc hits you with a mace!
You die...
Xom laughs nastily!

###..# ...#.# . #
#..##....... .#
#..........# .#
#..##......# .# #
##.# ...#.# .# ..
#.# ###.####.##.#
###.###
##.......(.
#...%.#
##.#####o##.
#.###.###.#....e.#
#.# #....###.#####
#.###.###.#.##
#.....# ##.##
####### ###


You could see Blork the orc.

Table legend:
 A = Turns spent in this place as a percentage of turns spent in the entire game.
 B = Non-inter-level travel turns spent in this place as a percentage of non-inter-level travel turns spent in the entire game.
 C = Inter-level travel turns spent in this place as a percentage of turns spent in this place.
 D = Turns resting spent in this place as a percentage of non-inter-level travel turns spent in this place.
 E = Turns spent auto-exploring this place as a percentage of non-inter-level travel turns spent in this place.
 F = Non-inter-level travel turns spent in this place divided by the number of levels of this place that you've seen.
                   A       B       C       D       E      F
               +-------+-------+-------+-------+-------+----------------------
         Total | 100.0 | 100.0 |   0.9 |   2.4 |   2.0 | 214.6
       Dungeon | 100.0 | 100.0 |   0.9 |   2.4 |   2.0 | 214.6
               +-------+-------+-------+-------+-------+----------------------

Table legend:
 A = Kills in this place as a percentage of kills in entire the game.
 B = Kills by you in this place as a percentage of kills by you in the entire game.
 C = Kills by friends in this place as a percentage of kills by friends in the entire game.
 D = Other kills in this place as a percentage of other kills in the entire game.
 E = Experience gained in this place as a percentage of experience gained in the entire game.
 F = Experience gained in this place divided by the number of levels of this place that you have seen.
                   A       B       C       D       E      F
               +-------+-------+-------+-------+-------+----------------------
         Total | 100.0 | 100.0 |  -nan |  -nan | 100.0 |   7.6
       Dungeon | 100.0 | 100.0 |  -nan |  -nan | 100.0 |   7.6
               +-------+-------+-------+-------+-------+----------------------

Vanquished Creatures
  An adder (D:3)
  A giant mite (D:6)
  2 giant geckos
  A bat (D:1)
  A giant cockroach (D:1)
  A goblin (D:3)
  3 jackals
  2 kobolds
  A quokka (D:7)
  7 rats
20 creatures vanquished.

Notes
Turn   | Place    | Note
--------------------------------------------------------------
     0 | D:1      | gw, the Deep Elf Artificer, began the quest for the Orb.
     0 | D:1      | Reached XP level 1. HP: 11/11 MP: 2/2
   385 | D:1      | Reached skill level 1 in Fighting
   389 | D:1      | Reached XP level 2. HP: 14/16 MP: 5/5
   605 | D:3      | Found a shimmering altar of Xom.
   656 | D:3      | Became a worshipper of Xom the Begetter of Turbulence
  1097 | D:5      | Entered Level 5 of the Dungeon
  1130 | D:5      | Reached XP level 3. HP: 12/20 MP: 7/7
  1284 | D:5      | XOM is BORED!
  1284 | D:5      | XOM: noise
  1289 | D:5      | Noticed a centaur
  1523 | D:7      | Noticed Blork the orc
  1530 | D:7      | Slain by Blork the orc

Action                   || total
-------------------------++-------
Melee: Short sword       ||    76
Evoke: Wand              ||    14
  Eat: Chunk             ||     1

Vault maps used:
D:1:      lemuel_arrival_rhombus
D:2:      nicolae_dithmenos_through_a_glass_darkly, first_bread, st_stairs_13,
          minmay_misc_feat_pillars
D:3:      lemuel_doored_altar, wad_floor_pattern_untrapped
D:4:      serial_shops, shop_statue
D:5:      gup_sewer_entry_bowl
D:6:      minmay_temple_entry_enclosed_plants, serial_shops, shop_statue,
          uniq_natasha
D:7:      uniq_blork_the_orc, uniq_crazy_yiuf_cottage
